 Dungeon Crawl Stone Soup version 0.29.0-4-gdea44cf6ec (webtiles) character file.

Game seed: 8949791799862065202

15315 qw the Severer (level 12, -16/121 HPs)
             Began as a Minotaur Fighter on Sept 7, 2022.
             Was a Believer of Ru.
             Demolished by a minotaur
             ... wielding the +2 glaive of the Crawling Thing {vorpal, *Rage rPois Str+2 Int+3}
              (42 damage)
             ... in a Gauntlet.
             The game lasted 00:04:26 (11249 turns).

qw the Severer (Minotaur Fighter)                  Turns: 11249, Time: 00:04:27

Health: -16/121    AC: 20    Str: 29    XL:     12   Next: 0%
Magic:  11/11      EV: 13    Int:  5    God:    Ru [**....]
Gold:   127        SH:  6    Dex: 15    Spells: 11/11 levels left

rFire   . . .      SeeInvis .   Y - +1 war axe (elec)
rCold   . . .      Faith    .   c - +0 buckler
rNeg    . . .      Spirit   .   o - +0 plate armour
rPois   +          Reflect  .   (helmet restricted)
rElec   .          Harm     .   (no cloak)
rCorr   .          Rampage  .   j - +2 pair of gloves
Will    .....      NoTele   +   n - +2 pair of boots {Fly}
Stlth   ..........              r - amulet of the acrobat
HPRegen 0.30/turn               h - ring "Guxoubed" {Str+2 Dex+6}
MPRegen 0.12/turn               t - +4 ring of evasion

@: flying
A: horns 2, no stealth, inability to use devices, retaliatory headbutt, poison
resistance, MP-powered wands
a: Renounce Religion


You were in a Gauntlet.
You worshipped Ru.
Ru was pleased with you.
You visited 2 branches of the dungeon, and saw 12 of its levels.
You also visited: Gauntlet.

You collected 564 gold pieces.
You spent 437 gold pieces at shops.


Innate Abilities, Weirdness & Mutations

You have a pair of horns on your head.
You cannot be stealthy.
You cannot study or use magical devices.
You reflexively headbutt those who attack you in melee.
Your system is resistant to poisons. (rPois)
You expend magic power (3 MP) to strengthen your wands.


   Skills:
 - Level 15.2 Fighting
 + Level 16.3 Axes
 - Level 1.0 Throwing
 - Level 8.0 Armour
 - Level 4.3 Dodging
 - Level 6.1 Shields


You had 11 spell levels left.
You didn't know any spells.
Your spell library was empty.

Inventory:

Hand Weapons
 m - a +0 morningstar
 Y - a +1 war axe of electrocution (weapon)
Missiles
 b - 8 boomerangs (quivered)
Armour
 c - a +0 buckler (worn)
 j - a +2 pair of gloves (worn)
 n - a +2 pair of boots of flying (worn)
 o - a +0 plate armour (worn)
Jewellery
 h - the ring "Guxoubed" (left hand) {Str+2 Dex+6}
   (You found it in a Gauntlet)

   [ring of dexterity]

   Str:       It affects your strength (+2).
   Dex:       It affects your dexterity (+6).
 r - an amulet of the acrobat (around neck)
 t - a +4 ring of evasion (right hand)
Scrolls
 a - 10 scrolls of identify
 f - 3 scrolls of teleportation
Potions
 d - 6 potions of might
 g - 4 potions of mutation
 i - 2 potions of heal wounds
 k - 10 potions of curing
 p - 2 potions of resistance

Dungeon Overview and Level Annotations

Branches:
Dungeon (11/15)            Temple (1/1) D:6            Lair (0/5) D:10
Gauntlet (1/1)
    Orc: D:9-12

Altars:
Ashenzari
Cheibriados
Dithmenos
Elyvilon
Gozag
Hepliaklqana
Kikubaaqudgha
Makhleb
Nemelex Xobeh
Okawaru
Qazlal
Ru
Sif Muna
Trog
Uskayaw
Wu Jian
Xom
Yredelemnul
Zin
The Shining One

Shops:
D:3 ?   D:5 *=   D:9 [   D:10 *

Annotations:
D:3 2 runed translucent doors, 2 transporters
D:7 2 transporters, qw's ghost, novice GrBe Gauntlet 4 transporters, 1 runed translucent door


Message History

The hell hound closely misses you. You furiously retaliate!
You headbutt the hell hound. You slash the hell hound!
Lightning courses through the hell hound!
You kill the hell hound!
You have reached level 12!
You feel stronger.
You start resting.
HP restored.
You now have 127 gold pieces (gained 19).
Partly explored, unvisited transporter.
Partly explored, unvisited transporter.
There is a transporter here.
You enter the transporter and appear at another place.
A minotaur comes into view.
It is wielding the +2 glaive of the Crawling Thing {vorpal, *Rage rPois Str+2 Int+3}, wearing the +1 ice dragon scales of Least Resistance {Contam rElec rF- rC++ Int-4 Dex+9} and quivering silver javelins.
The minotaur bellows!
The minotaur throws a silver javelin.
The silver javelin pierces through you!!
The silver sears you! The minotaur completely misses you.
You furiously retaliate!
You headbutt the minotaur, but do no damage.
The minotaur goes berserk!
The minotaur completely misses you.
You slash the minotaur!
The minotaur is lightly wounded.
The minotaur hits you with the +2 glaive of the Crawling Thing {vorpal, *Rage rPois Str+2 Int+3}.
The minotaur gores you but does no damage.
You slash the minotaur!
The minotaur is lightly wounded.
The minotaur hits you with the +2 glaive of the Crawling Thing {vorpal, *Rage rPois Str+2 Int+3}!!!
The minotaur misses you.
You slash the minotaur!
The minotaur is moderately wounded.
The minotaur closely misses you. The minotaur gores you!
You hit the minotaur.
The minotaur is moderately wounded.
The minotaur hits you with the +2 glaive of the Crawling Thing {vorpal, *Rage rPois Str+2 Int+3}!!
The minotaur closely misses you.
11249 ||| DRINKING 3 potions of heal wounds.
You feel much better.
The minotaur hits you with the +2 glaive of the Crawling Thing {vorpal, *Rage rPois Str+2 Int+3}!!!
You die...

..###8^8#.......#8^8#.......#8^8#
#################################
.................................
~~#...8}8..8\8..8}8...#~~~#~~~#~~
~###.................###~###~###~
## ################### ### ### ##
#~...............~##
#~~..8^8^8^8^8^8..~~#
##~...........@...~##
###.#.#######H#.### #.#.. ..#.#
#.#.## ##.#.# ... ..# ..# #...


You could see a minotaur (berserk).

Vanquished Creatures
  A dire elephant (Gauntlet)
  2 two-headed ogres (D:10)
  A hell hog (Gauntlet)
  A necromancer (Gauntlet)
  3 elephants (Gauntlet)
  A manticore (D:10)
  A moth of wrath (Gauntlet)
  Joseph (D:9)
  A kobold demonologist (D:10)
  3 trolls
  A hornet (D:7)
  2 centaur simulacra (Gauntlet)
  A wyvern (D:11)
  A shadow (D:10)
  A wraith (D:11)
  2 fire bats (Gauntlet)
  13 yaks
  An acid dragon (D:10)
  3 water moccasins
  2 hell hounds (Gauntlet)
  2 black bears
  An ice beast (D:5)
  3 orc warriors
  4 ogres
  10 wolves (Gauntlet)
  4 centaurs (D:9)
  A phantom (D:6)
  4 bullfrogs
  A gnoll sergeant (D:9)
  A necrophage (D:5)
  A scorpion (D:6)
  20 wights
  5 killer bees
  2 howler monkeys
  2 electric eels (D:10)
  A wyvern simulacrum (Gauntlet)
  3 jellies
  5 hounds
  3 orc priests
  10 orc wizards
  Terence (D:2)
  A boggart simulacrum (Gauntlet)
  6 gnolls
  7 adders
  2 shadow imps
  A white imp (D:7)
  An adder skeleton (D:2)
  2 adder zombies (D:2)
  A worm (D:5)
  A dart slug (D:4)
  32 orcs
  4 bats
  2 bat zombies (D:2)
  7 endoplasms
  7 giant cockroaches
  7 goblins
  11 hobgoblins
  4 kobolds
  7 quokkas
  6 ball pythons
  A ball python zombie (D:2)
  3 frilled lizards
  A jackal zombie (D:2)
  A quokka zombie (D:2)
  4 rats
245 creatures vanquished.

Vanquished Creatures (others)
  42 plants (D:10)
  A withered plant (D:2)
43 creatures vanquished.

Grand Total: 288 creatures vanquished

Notes
Turn   | Place    | Note
-------+----------+-------------------------------------------
     0 | D:1      | qw the Minotaur Fighter began the quest for the Orb.
     0 | D:1      | Reached XP level 1. HP: 19/19 MP: 0/0
     0 | D:1      | 0 ||| qw: Version: 0.1-a-108-g9e35731
     0 | D:1      | 0 ||| qw: Game counter: 6485
     0 | D:1      | 0 ||| qw: Always use a shield: true
     0 | D:1      | 0 ||| qw: God list: Ru
     0 | D:1      | 0 ||| qw: Allow faded altars: false
     0 | D:1      | 0 ||| qw: Do Orc after D:15 true
     0 | D:1      | 0 ||| qw: Do second Lair branch before Depths: true
     0 | D:1      | 0 ||| qw: Lair rune preference: random
     0 | D:1      | 0 ||| qw: Plans: Normal
     0 | D:1      | 0 ||| PLANNING D:1-11
   107 | D:1      | Reached skill level 3 in Axes
   250 | D:1      | 250 ||| DROPPING +0 club.
   381 | D:1      | Reached XP level 2. HP: 26/26 MP: 1/1
   904 | D:1      | Reached skill level 4 in Axes
  1068 | D:1      | 1068 ||| UPGRADING to +0 chain mail.
  1078 | D:1      | 1078 ||| DROPPING +0 scale mail.
  1079 | D:1      | 1079 ||| UPGRADING to +0 pair of gloves.
  1084 | D:1      | 1084 ||| READING scroll labelled PUNIUD WYES.
  1085 | D:1      | 1085 ||| READING 3 scrolls labelled BOSAFE VUNEAT.
  1086 | D:1      | 1086 ||| READING scroll labelled JESHRIX AQOIR.
  1087 | D:1      | 1087 ||| READING scroll labelled MUMUIR ZIREMO.
  1090 | D:1      | 1090 ||| DRINKING 3 bubbling blue potions.
  1090 | D:1      | Gained mutation: You expend magic power (3 MP) to
                  | strengthen your wands. [potion of mutation]
  1090 | D:1      | Gained mutation: Your system is resistant to poisons.
                  | (rPois) [potion of mutation]
  1091 | D:1      | 1091 ||| DRINKING 2 golden potions.
  1092 | D:1      | 1092 ||| DROPPING 2 scrolls of poison.
  1173 | D:2      | 1173 ||| Stepping ~*~*~tactically~*~*~ (stealth).
  1175 | D:2      | 1175 ||| Stepping ~*~*~tactically~*~*~ (stealth).
  1186 | D:2      | Reached XP level 3. HP: 26/31 MP: 2/2
  1186 | D:2      | 1186 ||| FLEEEEING.
  1187 | D:2      | 1187 ||| FLEEEEING.
  1191 | D:2      | 1191 ||| FLEEEEING.
  1192 | D:2      | 1192 ||| FLEEEEING.
  1193 | D:2      | 1193 ||| FLEEEEING.
  1194 | D:2      | 1194 ||| FLEEEEING.
  1195 | D:2      | 1195 ||| FLEEEEING.
  1196 | D:2      | 1196 ||| FLEEEEING.
  1197 | D:2      | 1197 ||| FLEEEEING.
  1201 | D:2      | 1201 ||| FLEEEEING.
  1202 | D:2      | 1202 ||| FLEEEEING.
  1203 | D:2      | 1203 ||| STAIRDANCE
  1365 | D:2      | 1365 ||| Stepping ~*~*~tactically~*~*~ (stealth).
  1366 | D:2      | 1366 ||| Stepping ~*~*~tactically~*~*~ (stealth).
  1368 | D:2      | 1368 ||| Stepping ~*~*~tactically~*~*~ (stealth).
  1471 | D:2      | 1471 ||| Stepping ~*~*~tactically~*~*~ (stealth).
  1472 | D:2      | 1472 ||| Stepping ~*~*~tactically~*~*~ (stealth).
  1475 | D:2      | 1475 ||| Stepping ~*~*~tactically~*~*~ (stealth).
  1476 | D:2      | 1476 ||| Stepping ~*~*~tactically~*~*~ (stealth).
  1482 | D:2      | Reached skill level 5 in Axes
  1703 | D:2      | Noticed Terence
  1712 | D:2      | Killed Terence
  1713 | D:2      | Reached XP level 4. HP: 25/39 MP: 3/3
  2055 | D:2      | 2055 ||| READING scroll labelled ZOVOLOAPSE.
  2056 | D:2      | 2056 ||| READING scroll labelled FOTTYAX AKA BAXTAO.
  2057 | D:2      | 2057 ||| READING scroll labelled LUITHR AMUJISKE.
  2265 | D:3      | Found a large runed translucent door.
  2265 | D:3      | Found a large runed translucent door.
  2277 | D:3      | Found a transporter.
  2286 | D:3      | Reached skill level 6 in Axes
  2307 | D:3      | Found a transporter.
  2400 | D:3      | Reached skill level 1 in Dodging
  2400 | D:3      | Reached XP level 5. HP: 29/45 MP: 4/4
  2505 | D:3      | 2505 ||| DROPPING +0 whip.
  2520 | D:3      | 2520 ||| Stepping ~*~*~tactically~*~*~ (stealth).
  2521 | D:3      | 2521 ||| Stepping ~*~*~tactically~*~*~ (stealth).
  2616 | D:3      | 2616 ||| Stepping ~*~*~tactically~*~*~ (stealth).
  2618 | D:3      | 2618 ||| Stepping ~*~*~tactically~*~*~ (hiding).
  2619 | D:3      | 2619 ||| Stepping ~*~*~tactically~*~*~ (hiding).
  2814 | D:3      | Found Gooropom's Magic Scroll Shop.
  2819 | D:3      | 2819 ||| BUYING scroll of identify (26 gold).
  2819 | D:3      | Bought a scroll of identify for 26 gold pieces
  2819 | D:3      | 2819 ||| BUYING scroll of teleportation (39 gold).
  2819 | D:3      | Bought a scroll of teleportation for 39 gold pieces
  3040 | D:3      | 3040 ||| UPGRADING to ring of resist corrosion.
  3041 | D:3      | 3041 ||| READING 2 scrolls of identify.
  3041 | D:3      | 3041 ||| IDENTIFYING grey potion
  3042 | D:3      | 3042 ||| DROPPING potion of attraction.
  3085 | D:4      | Reached skill level 7 in Axes
  3218 | D:4      | 3218 ||| Stepping ~*~*~tactically~*~*~ (stealth).
  3242 | D:4      | 3242 ||| Stepping ~*~*~tactically~*~*~ (stealth).
  3258 | D:4      | 3258 ||| Stepping ~*~*~tactically~*~*~ (stealth).
  3260 | D:4      | 3260 ||| Stepping ~*~*~tactically~*~*~ (stealth).
  3268 | D:4      | Reached XP level 6. HP: 50/52 MP: 5/5
  3373 | D:4      | 3373 ||| Stepping ~*~*~tactically~*~*~ (hiding).
  3677 | D:4      | 3677 ||| UPGRADING to +2 pair of boots of flying.
  3682 | D:4      | 3682 ||| DROPPING orb of guile.
  3683 | D:4      | 3683 ||| READING scroll labelled POFIOR NIOSTROT.
  3684 | D:4      | 3684 ||| READING scroll labelled HAMPOSI CEGOL.
  3685 | D:4      | 3685 ||| DRINKING 3 fuming coppery potions.
  3686 | D:4      | 3686 ||| DRINKING 2 murky silvery potions.
  3687 | D:4      | 3687 ||| READING 2 scrolls of identify.
  3687 | D:4      | 3687 ||| IDENTIFYING lumpy sapphire potion
  3688 | D:4      | 3688 ||| DROPPING potion of lignification.
  3689 | D:4      | 3689 ||| DROPPING potion of flight.
  3699 | D:5      | Entered Level 5 of the Dungeon
  3710 | D:5      | Reached skill level 8 in Axes
  3829 | D:5      | Reached XP level 7. HP: 59/59 MP: 6/6
  3842 | D:5      | 3842 ||| Stepping ~*~*~tactically~*~*~ (hiding).
  3843 | D:5      | 3843 ||| Stepping ~*~*~tactically~*~*~ (hiding).
  3847 | D:5      | 3847 ||| Stepping ~*~*~tactically~*~*~ (hiding).
  3848 | D:5      | 3848 ||| Stepping ~*~*~tactically~*~*~ (hiding).
  3849 | D:5      | 3849 ||| Stepping ~*~*~tactically~*~*~ (hiding).
  3864 | D:5      | Reached skill level 9 in Axes
  3866 | D:5      | 3866 ||| SWAPPING to +1 war axe of electrocution.
  3867 | D:5      | 3867 ||| DROPPING +1 war axe.
  3955 | D:5      | 3955 ||| FLEEEEING.
  3956 | D:5      | 3956 ||| FLEEEEING.
  3957 | D:5      | 3957 ||| FLEEEEING.
  3958 | D:5      | 3958 ||| FLEEEEING.
  3959 | D:5      | 3959 ||| FLEEEEING.
  3965 | D:5      | 3965 ||| FLEEEEING.
  3973 | D:5      | 3973 ||| STAIRDANCE
  4015 | D:4      | 4015 ||| READING 3 scrolls of identify.
  4015 | D:4      | 4015 ||| IDENTIFYING clear potion
  4212 | D:5      | 4212 ||| Stepping ~*~*~tactically~*~*~ (stealth).
  4257 | D:5      | Reached skill level 10 in Axes
  4338 | D:5      | Reached skill level 1 in Throwing
  4413 | D:5      | Found Bomyan's Gadget Gallery.
  4421 | D:5      | 4421 ||| Stepping ~*~*~tactically~*~*~ (stealth).
  4422 | D:5      | 4422 ||| Stepping ~*~*~tactically~*~*~ (stealth).
  4429 | D:5      | Reached XP level 8. HP: 68/68 MP: 7/7
  4432 | D:5      | 4432 ||| SHOPLISTING wand of digging (8) (436 gold, have
                  | 141).
  4432 | D:5      | Found Xinozeg's Jewellery Emporium.
  4443 | D:5      | 4443 ||| SHOPLISTING +6 ring of dexterity (396 gold, have
                  | 141).
  4443 | D:5      | 4443 ||| SHOPLISTING amulet of Optimism {Faith Dex+4} (609
                  | gold, have 141).
  4443 | D:5      | 4443 ||| SHOPLISTING amulet of the acrobat (330 gold, have
                  | 141).
  4443 | D:5      | 4443 ||| SHOPLISTING ring of resist corrosion (220 gold,
                  | have 141).
  4486 | D:5      | 4486 ||| Stepping ~*~*~tactically~*~*~ (stealth).
  4487 | D:5      | 4487 ||| Stepping ~*~*~tactically~*~*~ (stealth).
  4488 | D:5      | 4488 ||| Stepping ~*~*~tactically~*~*~ (stealth).
  4489 | D:5      | 4489 ||| Stepping ~*~*~tactically~*~*~ (stealth).
  4490 | D:5      | 4490 ||| Stepping ~*~*~tactically~*~*~ (stealth).
  4514 | D:5      | 4514 ||| READING 2 scrolls of identify.
  4514 | D:5      | 4514 ||| IDENTIFYING dark potion
  4515 | D:5      | 4515 ||| DRINKING potion of experience.
  4515 | D:5      | Reached skill level 15 in Fighting
  4515 | D:5      | Reached XP level 9. HP: 97/97 MP: 8/8
  4523 | D:6      | 4523 ||| STAIRDANCE
  4631 | D:6      | 4631 ||| Stepping ~*~*~tactically~*~*~ (stealth).
  4635 | D:6      | 4635 ||| Stepping ~*~*~tactically~*~*~ (stealth).
  4653 | D:6      | Found a staircase to the Ecumenical Temple.
  4654 | D:6      | 4654 ||| PLANNING TEMPLE
  4662 | Temple   | Entered the Ecumenical Temple
  4738 | Temple   | Became a worshipper of Ru the Awakened
  4743 | Temple   | 4743 ||| PLANNING D:1-11
  4789 | D:6      | 4789 ||| READING scroll of enchant armour.
  4789 | D:6      | 4789 ||| ENCHANTING +0 pair of gloves.
  5019 | D:6      | Identified the +2 hand axe of Ettesa {freeze, rElec rF-
                  | rC+}
  5156 | D:6      | Found a shimmering blue altar of Sif Muna.
  5159 | D:6      | Found an iron altar of Okawaru.
  5183 | D:6      | 5183 ||| READING scroll of enchant armour.
  5183 | D:6      | 5183 ||| ENCHANTING +1 pair of gloves.
  5362 | D:6      | 5362 ||| Stepping ~*~*~tactically~*~*~ (stealth).
  5496 | D:6      | 5496 ||| Stepping ~*~*~tactically~*~*~ (stealth).
  5497 | D:6      | 5497 ||| Stepping ~*~*~tactically~*~*~ (stealth).
  5533 | D:6      | 5533 ||| UPGRADING to amulet of the acrobat.
  5538 | D:6      | 5538 ||| UPGRADING to +4 ring of evasion.
  5539 | D:6      | 5539 ||| READING 3 scrolls labelled BIVVIO CIGG.
  5540 | D:6      | 5540 ||| READING scroll labelled EPSIGA INAI.
  5541 | D:6      | 5541 ||| READING 5 scrolls of identify.
  5541 | D:6      | 5541 ||| IDENTIFYING viscous silvery potion
  5542 | D:6      | 5542 ||| READING 4 scrolls of identify.
  5542 | D:6      | 5542 ||| IDENTIFYING fuming dark potion
  5543 | D:6      | 5543 ||| DROPPING 2 scrolls of fear.
  5544 | D:6      | 5544 ||| DROPPING potion of berserk rage.
  5545 | D:6      | 5545 ||| DROPPING potion of brilliance.
  5576 | D:7      | Reached skill level 11 in Axes
  5595 | D:7      | Noticed a deep elf pyromancer
  5596 | D:7      | Noticed qw's ghost (novice GrBe)
  5603 | D:7      | Found a transporter.
  5614 | D:7      | 5614 ||| INVOKING Sacrifice Stealth.
  5614 | D:7      | Gained mutation: You cannot be stealthy. [Ru sacrifice]
  5629 | D:7      | Found a transporter.
  5769 | D:7      | Found a shimmering altar of Xom.
  5856 | D:7      | Found a broken altar of Ashenzari.
  5913 | D:7      | 5913 ||| DROPPING +0 flail.
  5933 | D:7      | Found a flagged portal.
  5977 | D:7      | 5977 ||| Stepping ~*~*~tactically~*~*~ (hiding).
  5978 | D:7      | 5978 ||| Stepping ~*~*~tactically~*~*~ (hiding).
  5979 | D:7      | 5979 ||| Stepping ~*~*~tactically~*~*~ (hiding).
  5984 | D:7      | 5984 ||| Stepping ~*~*~tactically~*~*~ (stealth).
  5985 | D:7      | 5985 ||| Stepping ~*~*~tactically~*~*~ (stealth).
  6081 | D:7      | 6081 ||| Stepping ~*~*~tactically~*~*~ (hiding).
  6141 | D:7      | 6141 ||| Stepping ~*~*~tactically~*~*~ (hiding).
  6491 | D:8      | 6491 ||| Stepping ~*~*~tactically~*~*~ (stealth).
  6494 | D:8      | 6494 ||| Stepping ~*~*~tactically~*~*~ (stealth).
  6497 | D:8      | 6497 ||| Stepping ~*~*~tactically~*~*~ (stealth).
  6501 | D:8      | Reached skill level 12 in Axes
  6502 | D:8      | 6502 ||| FLEEEEING.
  6503 | D:8      | 6503 ||| FLEEEEING.
  6504 | D:8      | 6504 ||| FLEEEEING.
  6505 | D:8      | 6505 ||| FLEEEEING.
  6506 | D:8      | 6506 ||| FLEEEEING.
  6507 | D:8      | 6507 ||| FLEEEEING.
  6508 | D:8      | 6508 ||| FLEEEEING.
  6509 | D:8      | 6509 ||| FLEEEEING.
  6510 | D:8      | 6510 ||| FLEEEEING.
  6511 | D:8      | 6511 ||| FLEEEEING.
  6512 | D:8      | 6512 ||| STAIRDANCE
  6604 | D:8      | Reached XP level 10. HP: 105/105 MP: 9/9
  6653 | D:8      | 6653 ||| Stepping ~*~*~tactically~*~*~ (stealth).
  6751 | D:8      | 6751 ||| Stepping ~*~*~tactically~*~*~ (stealth).
  6761 | D:8      | 6761 ||| Stepping ~*~*~tactically~*~*~ (stealth).
  6807 | D:8      | 6807 ||| Stepping ~*~*~tactically~*~*~ (stealth).
  6821 | D:8      | Reached skill level 13 in Axes
  7218 | D:8      | 7218 ||| DROPPING scarf of shadows.
  7219 | D:8      | 7219 ||| DROPPING ring of wizardry.
  7220 | D:8      | 7220 ||| DROPPING +6 ring of intelligence.
  7221 | D:8      | 7221 ||| READING scroll labelled PUMAWKUOKK.
  7340 | D:9      | 7340 ||| STAIRDANCE
  7346 | D:9      | 7346 ||| STAIRDANCE
  7491 | D:9      | 7491 ||| STAIRDANCE
  7509 | D:9      | 7509 ||| STAIRDANCE
  7514 | D:9      | 7514 ||| STAIRDANCE
  7520 | D:9      | 7520 ||| Stepping ~*~*~tactically~*~*~ (hiding).
  7523 | D:9      | 7523 ||| STAIRDANCE
  7631 | D:9      | 7631 ||| Stepping ~*~*~tactically~*~*~ (hiding).
  7944 | D:9      | Noticed Joseph
  7954 | D:9      | Killed Joseph
  7955 | D:9      | Reached skill level 14 in Axes
  8030 | D:9      | Found a basalt altar of Yredelemnul.
  8034 | D:9      | Found a hide-covered altar of Uskayaw.
  8153 | D:9      | 8153 ||| Stepping ~*~*~tactically~*~*~ (hiding).
  8154 | D:9      | 8154 ||| Stepping ~*~*~tactically~*~*~ (hiding).
  8262 | D:9      | 8262 ||| INVOKING Sacrifice Artifice.
  8262 | D:9      | Gained mutation: You cannot study or use magical devices.
                  | [Ru sacrifice]
  8262 | D:9      | Reached * piety under Ru
  8262 | D:9      | Reached ** piety under Ru
  8427 | D:9      | 8427 ||| Stepping ~*~*~tactically~*~*~ (stealth).
  8429 | D:9      | 8429 ||| Stepping ~*~*~tactically~*~*~ (stealth).
  8439 | D:9      | 8439 ||| Stepping ~*~*~tactically~*~*~ (hiding).
  8560 | D:9      | Found Niqi Weo's Antique Armour Boutique.
  8569 | D:9      | 8569 ||| BUYING embroidered scarf (264 gold).
  8569 | D:9      | Bought an embroidered scarf for 264 gold pieces
  8569 | D:9      | 8569 ||| SHOPLISTING pair of embroidered gloves (247 gold,
                  | have 105).
  8649 | D:9      | 8649 ||| Stepping ~*~*~tactically~*~*~ (hiding).
  8651 | D:9      | 8651 ||| Stepping ~*~*~tactically~*~*~ (hiding).
  8768 | D:9      | 8768 ||| UPGRADING to +0 plate armour.
  8778 | D:9      | 8778 ||| DROPPING +0 chain mail.
  8779 | D:9      | 8779 ||| DROPPING scarf of invisibility.
  8780 | D:9      | 8780 ||| DROPPING ring of magical power.
  8835 | D:10     | Entered Level 10 of the Dungeon
  8871 | D:10     | Found Baniputh's General Store.
  8880 | D:10     | 8880 ||| SHOPLISTING +1 cloak (138 gold, have 136).
  8880 | D:10     | 8880 ||| BUYING potion of curing (36 gold).
  8880 | D:10     | Bought a potion of curing for 36 gold pieces
  8880 | D:10     | 8880 ||| BUYING potion of might (48 gold).
  8880 | D:10     | Bought a potion of might for 48 gold pieces
  8880 | D:10     | 8880 ||| SHOPLISTING potion of mutation (96 gold, have 52).
  8880 | D:10     | 8880 ||| BUYING scroll of identify (24 gold).
  8880 | D:10     | Bought a scroll of identify for 24 gold pieces
  8895 | D:10     | Noticed a manticore
  8897 | D:10     | 8897 ||| Stepping ~*~*~tactically~*~*~ (hiding).
  8900 | D:10     | Noticed a two-headed ogre
  8907 | D:10     | Killed a manticore
  8908 | D:10     | Reached skill level 6 in Armour
  8908 | D:10     | Reached XP level 11. HP: 64/112 MP: 10/10
  8910 | D:10     | Killed a two-headed ogre
  8959 | D:10     | 8959 ||| FLEEEEING.
  8960 | D:10     | 8960 ||| FLEEEEING.
  8969 | D:10     | 8969 ||| FLEEEEING.
  8987 | D:10     | 8987 ||| FLEEEEING.
  8995 | D:10     | 8995 ||| FLEEEEING.
  8996 | D:10     | 8996 ||| FLEEEEING.
  8997 | D:10     | 8997 ||| FLEEEEING.
  8998 | D:10     | 8998 ||| FLEEEEING.
  8999 | D:10     | 8999 ||| FLEEEEING.
  9000 | D:10     | 9000 ||| FLEEEEING.
  9001 | D:10     | 9001 ||| FLEEEEING.
  9001 | D:10     | Noticed a two-headed ogre
  9002 | D:10     | 9002 ||| FLEEEEING.
  9007 | D:10     | HP: 13/112 [two-headed ogre/+0 giant club (20)]
  9008 | D:10     | 9008 ||| Stepping ~*~*~tactically~*~*~ (stealth).
  9009 | D:10     | 9009 ||| READING 3 scrolls of teleportation.
  9010 | D:10     | 9010 ||| DRINKING 5 potions of heal wounds.
  9011 | D:10     | 9011 ||| DRINKING 4 potions of heal wounds.
  9048 | D:10     | 9048 ||| FLEEEEING.
  9049 | D:10     | 9049 ||| FLEEEEING.
  9157 | D:10     | 9157 ||| FLEEEEING.
  9158 | D:10     | 9158 ||| FLEEEEING.
  9159 | D:10     | 9159 ||| FLEEEEING.
  9169 | D:10     | 9169 ||| STAIRDANCE
  9284 | D:9      | 9284 ||| DRINKING 2 ruby potions.
  9285 | D:9      | 9285 ||| DROPPING potion of invisibility.
  9368 | D:10     | Noticed a soul eater
  9373 | D:10     | Noticed a sixfirhy
  9487 | D:10     | 9487 ||| Stepping ~*~*~tactically~*~*~ (stealth).
  9518 | D:10     | Killed a two-headed ogre
  9519 | D:10     | Reached skill level 15 in Axes
  9723 | D:10     | Found a staircase to the Lair.
  9763 | D:10     | 9763 ||| Stepping ~*~*~tactically~*~*~ (stealth).
  9764 | D:10     | 9764 ||| Stepping ~*~*~tactically~*~*~ (stealth).
  9769 | D:10     | 9769 ||| Stepping ~*~*~tactically~*~*~ (stealth).
  9870 | D:11     | 9870 ||| PLANNING GAUNTLET
  9899 | D:11     | 9899 ||| Stepping ~*~*~tactically~*~*~ (hiding).
  9900 | D:11     | 9900 ||| Stepping ~*~*~tactically~*~*~ (hiding).
  9931 | D:11     | 9931 ||| Stepping ~*~*~tactically~*~*~ (stealth).
 10143 | D:11     | Found a gate leading to a gauntlet.
 10152 | Gauntlet | Entered a Gauntlet
 10152 | Gauntlet | Found a transporter.
 10163 | Gauntlet | Found a transporter.
 10164 | Gauntlet | Found a transporter.
 10168 | Gauntlet | Found a runed translucent door.
 10169 | Gauntlet | Noticed a necromancer
 10170 | Gauntlet | Found a runed translucent door.
 10172 | Gauntlet | Found a transporter.
 10176 | Gauntlet | Found a transporter.
 10182 | Gauntlet | Found a runed translucent gate.
 10184 | Gauntlet | Found a runed translucent gate.
 10184 | Gauntlet | Found a transporter.
 10186 | Gauntlet | Found a runed translucent gate.
 10188 | Gauntlet | Found a transporter.
 10190 | Gauntlet | Noticed a dire elephant
 10192 | Gauntlet | Found a runed translucent door.
 10193 | Gauntlet | Found a runed translucent door.
 10196 | Gauntlet | Found a transporter.
 10200 | Gauntlet | Found a transporter.
 10206 | Gauntlet | Noticed a hell hog
 10208 | Gauntlet | Found a transporter.
 10239 | Gauntlet | Found a transporter.
 10251 | Gauntlet | Found a transporter.
 10264 | Gauntlet | Found a transporter.
 10277 | Gauntlet | Found a transporter.
 10395 | Gauntlet | Killed a necromancer
 10511 | Gauntlet | Identified the ring "Guxoubed" {Str+2 Dex+6}
 10513 | Gauntlet | 10513 ||| DROPPING ring of ice.
 10514 | Gauntlet | 10514 ||| UPGRADING to ring "Guxoubed" {Str+2 Dex+6}.
 10516 | Gauntlet | 10516 ||| DROPPING ring of resist corrosion.
 10543 | Gauntlet | Reached skill level 3 in Dodging
 10750 | Gauntlet | 10750 ||| Stepping randomly (stuck).
 10751 | Gauntlet | 10751 ||| Stepping randomly (stuck).
 10752 | Gauntlet | 10752 ||| Stepping randomly (stuck).
 10776 | Gauntlet | Killed a dire elephant
 10777 | Gauntlet | Reached skill level 16 in Axes
 10991 | Gauntlet | 10991 ||| READING scroll labelled HIKLYZXA KARUX.
 11005 | Gauntlet | Killed a hell hog
 11006 | Gauntlet | Reached skill level 6 in Shields
 11012 | Gauntlet | Reached XP level 12. HP: 53/121 MP: 11/11
 11243 | Gauntlet | Identified the +2 glaive of the Crawling Thing {vorpal,
                  | *Rage rPois Str+2 Int+3}
 11243 | Gauntlet | Identified the +1 ice dragon scales of Least Resistance
                  | {Contam rElec rF- rC++ Int-4 Dex+9}
 11243 | Gauntlet | Noticed a minotaur
 11248 | Gauntlet | HP: 7/121 [minotaur/the +2 glaive of the Crawling Thing
                  | {vorpal, *Rage rPois Str+2 Int+3} (24)]
 11249 | Gauntlet | 11249 ||| DRINKING 3 potions of heal wounds.
 11249 | Gauntlet | Demolished by a minotaur

Levels and vault maps discovered:
D:1:      roderic_crossed_star, layout_loops_corners
D:2:      layout_basic, serial_undead, serial_undead_a, serial_undead_c,
          serial_undead_c, serial_undead_f, serial_undead_a, serial_undead_c,
          minmay_misc_feat_room, uniq_terence
D:3:      gammafunk_wand_slinger, layout_basic, jmf_multi_god_temple2,
          serial_shops, nicolae_shop_crystal, minmay_misc_feat_plants
D:4:      layout_rooms, hangedman_decor_growths, hangedman_feature_mirror,
          minmay_manual_monstrance
D:5:      kennysheep_six_static_rooms, layout_rooms, serial_shops,
          nicolae_shop_trees, nicolae_shop_gadgets
D:6:      layout_basic, nicolae_overflow_squiral, minmay_temple_entry_wispy,
          minmay_misc_feat_enclosed
D:7:      corexii_shack_village, layout_loops_ring, lemuel_crystal_altar,
          tgw_xom, gammafunk_ghost_arena, enter_bailey_4,
          kennysheep_generic_room_16
D:8:      layout_loops_ring
D:9:      layout_grid_maze, grunt_temple_overflow_open, serial_shops, shop,
          uniq_joseph
D:10:     layout_small_grid, lair_entry_dummy, serial_bayou,
          serial_bayou_pond_b, serial_bayou_lagoon_a, serial_bayou_shore_b,
          serial_bayou_pond_b, serial_shops, shop
D:11:     layout_loops_ring, gauntlet_entry_generic
Temple:   nicolae_temple_superstar
Gauntlet: gammafunk_gauntlet_77_escape_option
          [minmay_gauntlet_arena_77_squiggly, minmay_gauntlet_arena_77_cramped,
          minmay_gauntlet_arena_77_run_for_it,
          minmay_gauntlet_arena_77_shame_cube, minmay_gauntlet_arena_77_braids,
          nicolae_gauntlet_exit_dead_adventurers]

Skill      XL: |  1  2  3  4  5  6  7  8  9 10 11 |
---------------+----------------------------------+-----
Axes           | 3 4 5 6 7 8 10 12 14 16 | 16.3
Dodging        | 1 2 4 |  4.3
Fighting       | 4 5 15 | 15.2
Throwing       | 1 |  1.0
Armour         | 4 5 6 8 |  8.0
Shields        | 4 5 6 |  6.1

Action                   |  1- 3 |  4- 6 |  7- 9 | 10-12 || total
-------------------------+-------+-------+-------+-------++-------
Melee: War axe           |    94 |   105 |   153 |   253 ||   605
       Headbutt          |     8 |    10 |    28 |    54 ||   100
Throw: Boomerang         |       |     1 |    61 |    51 ||   113
Invok: Sacrifice Stealth |       |       |     1 |       ||     1
       Sacrifice Artific |       |       |       |     1 ||     1
  Use: Scroll            |     4 |     7 |     8 |     3 ||    22
       Potion            |     2 |     2 |     1 |     4 ||     9
 Stab: Invisible         |       |       |       |     1 ||     1
Armor: Scale mail        |    21 |       |       |       ||    21
       Chain mail        |    19 |    55 |    39 |    21 ||   134
       Plate armour      |       |       |       |    66 ||    66
Dodge: Dodged            |    41 |    31 |    45 |   146 ||   263
Block: Buckler           |    17 |    11 |    22 |    54 ||   104

Table legend:
 A = Non-vault XP
 B = Vault XP
 C = Vault XP percentage of total XP
 D = Non-vault monster count
 E = Vault monster count
 F = Vault count percentage of total count
                 A         B        C        D         E       F
            +---------+---------+-------+---------+---------+-------
      Total |   11343 |    9026 |  44.3 |     177 |      68 |  27.8
            +---------+---------+-------+---------+---------+-------
        D:1 |      34 |       0 |   0.0 |      19 |       0 |   0.0
        D:2 |      45 |      55 |  55.0 |      13 |       9 |  40.9
        D:3 |     141 |       0 |   0.0 |      22 |       0 |   0.0
        D:4 |     143 |      99 |  40.9 |       6 |       8 |  57.1
        D:5 |     614 |     435 |  41.5 |      16 |       6 |  27.3
        D:6 |     736 |       0 |   0.0 |      15 |       0 |   0.0
        D:7 |    1225 |     153 |  11.1 |      18 |      15 |  45.5
        D:8 |    4106 |       0 |   0.0 |      34 |       0 |   0.0
        D:9 |     793 |     455 |  36.5 |      14 |       1 |   6.7
       D:10 |    2741 |    1137 |  29.3 |      14 |       4 |  22.2
       D:11 |     765 |       0 |   0.0 |       6 |       0 |   0.0
   Gauntlet |       0 |    6692 | 100.0 |       0 |      25 | 100.0
            +---------+---------+-------+---------+---------+-------
